 Dungeon Crawl Stone Soup version 0.30-a0-867-g305f33218d (webtiles) character file.

Game seed: 9799286766312843608

230 Grim the Cleaver (level 6, 0/51 HPs)
             Began as a Hill Orc Berserker on Mar 10, 2023.
             Was a Believer of Trog.
             Slain by a river rat (5 damage)
             ... in a sewer.
             The game lasted 00:04:03 (1761 turns).

Grim the Cleaver (Hill Orc Berserker)               Turns: 1761, Time: 00:04:03

Health: 0/51       AC:  3    Str: 22    XL:     6   Next: 3%
Magic:  6/6        EV: 11    Int:  7    God:    Trog [**....]
Gold:   116        SH:  0    Dex: 10    Spells: 5/5 levels left

rFire   . . .      SeeInvis .    s - +0 broad axe
rCold   . . .      Faith    .    (no shield)
rNeg    . . .      Spirit   .    b - +0 animal skin
rPois   .          Reflect  .    (no helmet)
rElec   .          Rampage  .    (no cloak)
rCorr   +                        (no gloves)
Will    ++...                    f - +0 pair of boots
Stlth   +                        (no amulet)
HPRegen 1.28/turn                c - ring of resist corrosion
MPRegen 0.10/turn                (no ring)

@: strong-willed (expiring), on berserk cooldown, regenerating (expiring),
slowed, very slow
A: no striking features
a: Renounce Religion, Berserk, Trog's Hand


You were in a sewer.
You worshipped Trog.
Trog was pleased with you.
You visited 1 branch of the dungeon, and saw 3 of its levels.
You also visited: Sewer.

You collected 116 gold pieces.

Inventory:

Hand Weapons
 a - a +0 hand axe
 s - a +0 broad axe (weapon)
Missiles
 p - 12 poisoned darts (quivered)
Armour
 b - a +0 animal skin (worn)
 f - a +0 pair of boots (worn)
Jewellery
 c - a ring of resist corrosion (left hand)
Wands
 l - a wand of flame (24)
Scrolls
 d - 4 scrolls of noise {unknown}
 e - a scroll of enchant weapon {unknown}
 g - 2 scrolls of teleportation {unknown}
 h - 2 scrolls of identify {unknown}
 m - a scroll of acquirement {unknown}
 o - a scroll of fog {unknown}
 t - a scroll of immolation {unknown}
Potions
 i - a potion of resistance {unknown}
 j - a potion of heal wounds {unknown}
 k - a potion of curing {unknown}
 n - a potion of lignification {unknown}
 q - 2 potions of cancellation {unknown}
 r - a potion of haste {unknown}
 u - a potion of might {unknown}
 v - a potion of invisibility {unknown}


   Skills:
 - Level 3.6 Fighting
 + Level 8.6 Axes
 - Level 2.1 Armour
 - Level 1.5 Dodging


You had 5 spell levels left.
You didn't know any spells.
Your spell library was empty.

Dungeon Overview and Level Annotations

Branches:
Dungeon (3/15)              Sewer (1/1)

Altars:


Message History

The rat bites you but does no damage. The rat completely misses you.
You barely miss the frilled lizard. You closely miss the river rat.
You closely miss the rat. x2; The river rat bites you.
* * * LOW HITPOINT WARNING * * *
The frilled lizard closely misses you. The rat closely misses you.
The rat bites you but does no damage. The river rat bites you!
* * * LOW HITPOINT WARNING * * *
The frilled lizard bites you but does no damage.
The rat bites you but does no damage. x2
You miss the frilled lizard. You closely miss the river rat.
You closely miss the rat. You barely miss the rat. The river rat bites you.
* * * LOW HITPOINT WARNING * * *
The frilled lizard completely misses you.
The rat barely misses you. The rat closely misses you.
The river rat misses you.
The frilled lizard completely misses you.
The rat bites you.
* * * LOW HITPOINT WARNING * * *
You barely miss the frilled lizard. You barely miss the river rat.
You hit the rat. You barely miss the rat. The rat barely misses you.
The river rat bites you!
* * * LOW HITPOINT WARNING * * *
The frilled lizard closely misses you. The rat closely misses you. x2
The frilled lizard unfolds its giant frill.
The frilled lizard closely misses you. The river rat misses you.
The rat bites you.
* * * LOW HITPOINT WARNING * * *
You slash the frilled lizard!
You kill the frilled lizard!
Trog accepts your kill.
You closely miss the river rat. You barely miss the rat. x2
The rat bites you but does no damage. The river rat bites you.
* * * LOW HITPOINT WARNING * * *
The rat bites you.
* * * LOW HITPOINT WARNING * * *
The rat barely misses you. The rat closely misses you.
The river rat attacks as you move away! The river rat closely misses you.
You feel the effects of Trog's Hand fading.
The river rat bites you.
You die...

#≈#≈≈≈~~~~..............
≈#≈≈≈≈≈≈≈~~~~~~...........~~~~~~~
#≈#≈≈≈≈≈≈≈≈≈≈≈~~~~~~~~~~~~~≈≈≈≈≈≈
#≈≈≈≈≈≈≈≈≈≈≈≈≈≈~~~~~~~~~≈≈≈≈≈≈≈≈
#≈≈≈≈≈≈≈≈≈≈~~~~.......~~≈≈≈≈≈≈≈
###≈≈≈≈≈≈≈~~~~..††.......~~~~~~~~
..#~~~~~~~~....†r†...............
..#............rr................
).'.............@r............†..
).#..............†..........##...
..#...............##.......#####.
#####..###......#####..##...#####
#### ##...######..#####..∩# #####
#∩..## ##### #####


You could see a river rat and 3 rats.

Vanquished Creatures
  A kobold brigand (Sewer)
  Jessica (D:2)
  4 adders
  3 river rats
  A worm (D:2)
  A dart slug (D:1)
  6 ball pythons
  5 endoplasms
  5 giant cockroaches
  4 goblins
  5 hobgoblins
  8 kobolds
  7 quokkas
  6 bats
  7 frilled lizards
  20 rats
84 creatures vanquished.

Vanquished Creatures (others)
  A withered plant (D:3)
1 creature vanquished.

Grand Total: 85 creatures vanquished

Notes
Turn   | Place    | Note
-------+----------+-------------------------------------------
     0 | D:1      | Grim the Hill Orc Berserker began the quest for the Orb.
     0 | D:1      | Reached XP level 1. HP: 19/19 MP: 1/1
    98 | D:1      | Reached XP level 2. HP: 26/26 MP: 2/2
   108 | D:1      | Reached skill level 5 in Axes
   316 | D:1      | Reached XP level 3. HP: 25/31 MP: 3/3
   352 | D:1      | Reached ** piety under Trog
   486 | D:2      | Noticed Jessica
   497 | D:2      | Reached skill level 6 in Axes
   499 | D:2      | Killed Jessica
   500 | D:2      | Reached XP level 4. HP: 39/39 MP: 4/4
  1457 | D:3      | Reached skill level 7 in Axes
  1505 | D:3      | Found a glowing drain.
  1512 | Sewer    | Entered a sewer
  1534 | Sewer    | Reached XP level 5. HP: 45/45 MP: 5/5
  1551 | Sewer    | Noticed a kobold brigand
  1560 | Sewer    | Killed a kobold brigand
  1561 | Sewer    | Reached skill level 8 in Axes
  1737 | Sewer    | Reached XP level 6. HP: 51/51 MP: 6/6
  1761 | Sewer    | Slain by a river rat

Illustrated notes

Levels and vault maps discovered:
D:1:      dpeg_arrival_shrine, layout_basic
D:2:      layout_basic, uniq_jessica
D:3:      layout_loops_ring, general_overflow_altar,
          mainiacjoe_overflow_brackets, ebering_ecumenical_altar_petrified,
          gup_sewer_entry_bubbles
Sewer:    sewer_minmay_treatment

Skill      XL: |  1  2  3  4  5 |
---------------+----------------+-----
Axes           | 5 6 7 8 |  8.6
Fighting       | |  3.6
Armour         | |  2.1
Dodging        | |  1.5

Action                     |  1- 3 |  4- 6 || total
---------------------------+-------+-------++-------
  Melee: Hand axe          |    74 |    40 ||   114
         Broad axe         |       |    94 ||    94
 Invoke: Berserk           |     3 |     2 ||     5
         Trog's Hand       |       |     1 ||     1
 Armour: Animal skin       |    20 |    38 ||    58
  Dodge: Dodged            |    46 |   108 ||   154

Table legend: (Time is in decaauts)
 A = Elapsed time spent in this place.
 B = Non-inter-level travel time spent in this place.
 C = Inter-level travel time spent in this place.
 D = Time resting spent in this place.
 E = Time spent auto-exploring this place.
 F = Levels seen in this place.
 G = Mean time per level.
                   A        B        C        D        E       F      G
               +--------+--------+--------+--------+--------+-----+--------+
         Total |   1837 |   1811 |     26 |    312 |    978 |   4 |  459.2 |
       Dungeon |   1567 |   1541 |     26 |    250 |    866 |   3 |  522.3 |
         Sewer |    269 |    269 |      0 |     62 |    112 |   1 |  269.0 |
               +--------+--------+--------+--------+--------+-----+--------+

Top non-repeatable levels by time:
     D:2: 968 daAuts
     D:1: 478 daAuts
   Sewer: 269 daAuts
     D:3: 121 daAuts
